 Dungeon Crawl Stone Soup version 0.31-a0-977-gc230f8ef24 (webtiles) character file.

Game seed: 8939125495516901475

1401691 Sergey the Worldbinder (level 25, 216/216 HPs)
             Began as a Demigod Hedge Wizard on Oct 29, 2023.
             Escaped with the Orb
             ... and 3 runes!
             The game lasted 04:26:34 (103935 turns).

Sergey the Worldbinder (Demigod Hedge Wizard)     Turns: 103935, Time: 04:26:35

Health: 216/216    AC: 18    Str: 10    XL:     25   Next: 19%
Magic:  60/60      EV: 27    Int: 55    God:
Gold:   5212       SH: 10    Dex: 25    Spells: 7/58 levels left

rFire   + . .        w - +8 demon trident (elec)
rCold   + . .        K - +3 buckler {AC+3}
rNeg    . . .        g - +3 leather armour {Will+}
rPois   .            a - +3 hat of Pondering {ponderous, Will+ MP+10 Int+5}
rElec   .            s - scarf {rC+ rF+}
rCorr   +            l - +2 pair of gloves
SInv    .            p - +2 pair of boots
Will    ++++.        z - amulet of regeneration
Stlth   +            S - +6 ring of intelligence
HPRegen 1.36/turn    H - ring of Fokuwuqi {rCorr Dex+5}
MPRegen 0.37/turn

%: no passive effects
@: slow
A: high MP 1, forlorn, divine attributes, antennae 1, clever 1, wild magic 1
0: Orb of Zot
}: 3/15 runes: barnacled, slimy, gossamer
a: no special abilities


You escaped.
You visited 10 branches of the dungeon, and saw 51 of its levels.
You also visited: Trove, Gauntlet, Ice Cave and Wizlab.

You collected 10911 gold pieces.
You spent 5699 gold pieces at shops.

Inventory:

Hand Weapons
 w - a +8 demon trident of electrocution (weapon)
Missiles
 m - 11 curare-tipped darts
 D - 6 throwing nets
Armour
 a - the +3 hat of Pondering (worn) {ponderous, Will+ MP+10 Int+5}
   (You bought it in a shop on level 4 of the Vaults)

   Int+5:     It affects your intelligence (+5).
   Will+:     It increases your willpower.
   MP+10:     It affects your magic capacity (+10).
 g - a +3 leather armour of willpower (worn)
 l - a +2 pair of gloves (worn)
 p - a +2 pair of boots (worn)
 s - a scarf of resistance (worn)
 K - a +3 buckler of protection (worn)
Magical Staves
 q - the staff of Corruption {rPois rF++ Poison}
   (You found it on level 3 of the Depths)

   [staff of poison]

   Base accuracy: +5 Base damage: 5 Base attack delay: 1.2 This weapon's minimum
   attack delay (0.6) is reached at skill level 12.
   rF++:      It greatly protects you from fire.
   rPois:     It protects you from poison Poison: It increases the power of your
   Poison spells.
   It falls into the 'Staves' category.
   It is a one-handed weapon.
Jewellery
 r - the ring of Tobbemas {rC+ Slay+3 SInv}
   (You found it in a Gauntlet)

   [ring of see invisible]

   Slay+3:    It affects your accuracy & damage with ranged weapons and melee
   (+3).
   rC+:       It protects you from cold.
   SInv:      It lets you see invisible.
 t - the ring of Osicrau {Will+ rCorr Stlth+}
   (You found it in a Gauntlet)

   [ring of resist corrosion]

   Will+:     It increases your willpower.
   rCorr:     It protects you from acid and corrosion.
   Stlth+:    It makes you more stealthy.
 z - an amulet of regeneration (around neck)
 H - the ring of Fokuwuqi (right hand) {rCorr Dex+5}
   (You took it off a minotaur in a Gauntlet)

   [ring of resist corrosion]

   Dex+5:     It affects your dexterity (+5).
   rCorr:     It protects you from acid and corrosion.
 L - the amulet "Imuheod" {Faith Contam rPois Will+++ Str+2}
   (You found it on level 2 of the Realm of Zot)

   [amulet of faith]

   Faith:     It allows you to gain divine favour quickly.
   Str+2:     It affects your strength (+2).
   rPois:     It protects you from poison Will+++: It greatly increases your
   willpower.
   Contam:    It causes magical contamination when unequipped.
 R - a +4 ring of protection
 S - a +6 ring of intelligence (left hand)
 T - a ring of protection from fire
Talismans
 A - a granite talisman
Wands
 c - a wand of light (10)
 i - a wand of roots (28)
 v - a wand of digging (3)
 P - a wand of mindburst (11)
 U - a wand of paralysis (37)
Scrolls
 f - 6 scrolls of immolation
 k - 6 scrolls of fog {@r2}
 F - 10 scrolls of vulnerability {!r}
 J - 5 scrolls of enchant armour
 Q - 7 scrolls of blinking {@r4}
 V - 20 scrolls of teleportation {@r3}
 W - a scroll of poison
 X - 3 scrolls of butterflies
 Y - a scroll of amnesia
Potions
 b - 7 potions of mutation
 d - 3 potions of magic
 j - 4 potions of brilliance
 n - 3 potions of cancellation
 o - 8 potions of curing {@q2}
 x - 4 potions of haste {@q5}
 y - 3 potions of invisibility
 E - 2 potions of ambrosia
 G - 6 potions of lignification
 I - 7 potions of resistance
 M - 9 potions of might {@q3}
 O - 9 potions of enlightenment
 Z - 5 potions of heal wounds {@q1}
Miscellaneous
 h - a phantom mirror
 u - a phial of floods
 B - a tin of tremorstones (2/2)
 N - a lightning rod (4/4)


   Skills:
 + Level 16.1 Fighting
 - Level 8.0 Polearms
 - Level 3.7 Armour
 + Level 18.3 Dodging
 - Level 5.0 Stealth
 - Level 6.0 Shields
 - Level 17.0 Spellcasting
 - Level 10.0 Conjurations
 - Level 3.0 Hexes
 - Level 22.6 Summonings
 - Level 7.0 Necromancy
 - Level 3.0 Translocations
 - Level 4.0 Transmutations
 - Level 5.0 Ice Magic
 - Level 4.0 Air Magic
 - Level 7.0 Earth Magic
 - Level 8.0 Evocations
 - Level 16.0 Shapeshifting


You had 7 spell levels left.
You knew the following spells:

 Your Spells              Type           Power      Damage    Failure   Level
a - Hailstorm             Conj/Ice       100%       3d20      1%          3
b - Summon Lightning Spi  Summ/Air       100%       N/A       1%          4
c - Dragon's Call         Summ           78%        N/A       9%          9
d - Spellforged Servitor  Conj/Summ      69%        N/A       1%          7
e - Blink                 Tloc           100%       N/A       1%          2
f - Summon Guardian Gole  Hex/Summ       100%       N/A       1%          3
h - Haunt                 Necr/Summ      67%        N/A       2%          7
l - Lee's Rapid Deconstr  Erth           51%        3d24*     1%          5
r - Irradiate             Conj/Tmut      51%        3d28      1%          5
z - Bombard               Conj/Erth      55%        9d9       4%          6

Your spell library contained the following spells:

 Spells                   Type           Power      Damage    Failure   Level
 Freeze                   Ice            100%       1d10      1%          1
 Magic Dart               Conj           100%       1d8       1%          1
 Shock                    Conj/Air       100%       1d9       1%          1
 Slow                     Hex            100%       N/A       1%          1
 Sting                    Tmut/Pois      100%       1d8       1%          1
 Summon Small Mammal      Summ           100%       N/A       1%          1
 Call Imp                 Summ           100%       N/A       1%          2
 Cigotuvi's Dreadful Rot  Necr/Pois/Air  100%       N/A       1%          2
 Poisonous Vapours        Pois/Air       100%       N/A       1%          2
 Searing Ray              Conj           100%       2d8       1%          2
 Static Discharge         Conj/Air       100%       3-8/arc   1%          2
 Sublimation of Blood     Necr           100%       N/A       1%          2
 Wereblood                Tmut           87%        N/A       1%          2
 Call Canine Familiar     Summ           100%       N/A       1%          3
 Confusing Touch          Hex            80%        N/A       1%          3
 Frozen Ramparts          Ice            100%       1d16      1%          3
 Gell's Gravitas          Tloc           80%        N/A       1%          3
 Inner Flame              Hex/Fire       70%        N/A       1%          3
 Mephitic Cloud           Conj/Pois/Air  91%        N/A       1%          3
 Ozocubu's Armour         Ice            93%        N/A       1%          3
 Sigil of Binding         Hex            80%        N/A       1%          3
 Stone Arrow              Conj/Erth      100%       3d13      1%          3
 Teleport Other           Tloc           80%        N/A       1%          3
 Vampiric Draining        Necr           100%       2d13      1%          3
 Volatile Blastmotes      Fire/Tloc      100%       2d18      1%          3
 Anguish                  Hex/Necr       46%        N/A       1%          4
 Animate Armour           Summ/Erth      100%       N/A       1%          4
 Flame Wave               Conj/Fire      93%        2d20      1%          4
 Fulminant Prism          Conj/Hex       50%        3d22      1%          4
 Iskenderun's Mystic Bla  Conj/Tloc      100%       2d19      1%          4
 Leda's Liquefaction      Hex/Erth       46%        N/A       1%          4
 Sticky Flame             Conj/Fire      93%        2d10      1%          4
 Arcjolt                  Conj/Air       51%        1d61      1%          5
 Summon Forest            Summ/Tloc      63%        N/A       1%          5
 Summon Hydra             Summ           78%        N/A       1%          7
 Airstrike                Air            43%        2d(7-23)  2%          4
 Vhi's Electric Charge    Tloc/Air       100%       N/A       2%          4
 Freezing Cloud           Conj/Ice/Air   50%        6-21      2%          5
 Cause Fear               Hex            40%        N/A       3%          4
 Passage of Golubria      Tloc           80%        N/A       3%          4
 Fireball                 Conj/Fire      46%        3d18      3%          5
 Silence                  Hex/Air        42%        N/A       6%          5
 Olgreb's Toxic Radiance  Pois           57%        N/A       9%          4
 Simulacrum               Ice/Necr       49%        N/A       12%         6
 Orb of Destruction       Conj           58%        9d14      12%         7
 Dispersal                Tloc           40%        N/A       34%         6
 Eringya's Noxious Bog    Tmut/Pois      36%        4d6       45%         6
 Plasma Beam              Fire/Air       36%        2x1d50    45%         6
 Ozocubu's Refrigeration  Ice            46%        4d17      61%         7
 Enfeeble                 Hex            40%        N/A       86%         7
 Lehudib's Crystal Spear  Conj/Erth      55%        10d13     82%         8
 Borgnjor's Revivificati  Necr           51%        N/A       95%         8
 Discord                  Hex            40%        N/A       100%        8
 Ignition                 Fire           28%        3d9       100%        8
 Death's Door             Necr           51%        N/A       100%        9
 Polar Vortex             Ice            46%        12d6*     100%        9


Dungeon Overview and Level Annotations

Branches:
Dungeon (15/15)            Temple (0/1) D:5            Lair (5/5) D:10
 Shoals (4/4) Lair:2       Spider (4/4) Lair:3        Slime (5/5) Lair:5
    Orc (2/2) D:11            Elf (3/3) Orc:2        Vaults (4/5) D:13
  Crypt (0/3) Vaults:2     Depths (4/4) D:15            Zot (5/5) Depths:4
  IceCv (visited)          WizLab (visited)         Gauntlet (visited)

Shops:
D:5 *   D:6 *   D:9 :   Orc:2 ([?[   Elf:2 =[**   Vaults:2 =   Vaults:3 (
Vaults:4 *[!   Depths:1 [[(:[   Depths:3 =[*[

Portals:
Hell: Depths:1 Depths:2 Depths:3 Depths:4
Abyss: Lair:5 Depths:3
Pandemonium: Depths:2 Depths:3 Depths:4
Ziggurat: Depths:2

Annotations:
D:4 exclusion: downstairs
D:6 Maggie
D:7 exclusions: electric eel and 7 more exclusions
D:8 exclusion: downstairs
D:10 exclusion: downstairs
D:11 3 runed translucent doors VAULT, 5 exclusions, Viggi's ghost, journeyman FoHu; jt's ghost, journeyman NaEn
Lair:1 exclusion: downstairs
Lair:3 exclusion: downstairs
Lair:5 2 transporters, heinrich's ghost, journeyman TrMo
Shoals:2 exclusion: 2 downstairs
Spider:1 exclusion: downstairs
Spider:2 exclusions: 2 downstairs and ghost moth
Spider:3 exclusion: ghost moth
Slime:3 exclusion: downstairs
Slime:4 exclusion: downstairs
Elf:2 3 runed translucent doors
Vaults:1 36 runed doors
Vaults:3 exclusion: downstairs
Depths:1 exclusion: door


Innate Abilities, Weirdness & Mutations

You have an increased reservoir of magic. (+10% MP)
You shall have no god before yourself.
Your divine heritage dramatically boosts your attributes as you level up.
You have a pair of small antennae on your head.
Your mind is acute. (Int +4, Str/Dex -1)
Your spells are a little harder to cast, but a little more powerful.


Message History

The chaos spawn gores you! You resist with almost no effort.
You puncture the chaos spawn!
The chaos spawn is heavily wounded.
You block the chaos spawn's attack.
You miss the chaos spawn.
The chaos spawn is heavily wounded.
The chaos spawn misses you.
You closely miss the chaos spawn.
The chaos spawn is heavily wounded.
You completely miss the chaos spawn.
The chaos spawn is heavily wounded.
You block the chaos spawn's attack.
You puncture the chaos spawn!
The chaos spawn is almost dead.
You block the chaos spawn's attack.
You puncture the chaos spawn!
You kill the chaos spawn!
The chaos spawn degenerates into a cloud of primal chaos!
No target in view!
HP restored.
There is a stone staircase leading up here.
You climb upwards.
There is a stone staircase leading down here.
A neqoxec comes into view.
As you read the scroll of fog {@r2}, it dissolves into smoke.
The neqoxec moves out of view.
There is a stone staircase leading up here.
You climb upwards.
There is a stone staircase leading down here.
You see here a +0 club.
There is a stone staircase leading up here.
You climb upwards.
There is a stone staircase leading down here.
There is an open door here.
You enter the shallow water.
Moving in this stuff is going to be slow.
There is a staircase leading out of the dungeon here.
Unknown command.
Unknown command.
You have escaped!

#.#~..♣♣ #.#### #.#~...♣♣
###.# #.#≈...P♣ ###.#.##
#.#~[...♣ #......#
#.#~≈.P.♣##.#....#
#.#≈≈~...##.#.##.#
#.#.~~~..'..#.##.#
#####.#.≈P~.P##.#..#.#
#.....+@~P~~.##.#.##.####
#.....#.~PP~~##.#........
######.....#.~~PP~##.####.###.
#..........#..~PP~##.####.#...
#..........#..~≈~~##......#.##
#......###.#...~~≈#########.#
##########.#♣...≈≈# #.#
#.......#♣...~≈# #.#
#.......#♣♣...≈# #.#


There were no monsters in sight!

Vanquished Creatures
  2 dread liches (Zot:5)
  An orb of fire (Zot:5)
  An ancient lich (Zot:5)
  A Killer Klown (Zot:5)
  8 caustic shrikes
  Xtahua (Depths:3)
  A golden dragon (IceCv)
  A Brimstone Fiend (Zot:2)
  An electric golem (Zot:5)
  A walking crystal tome (Depths:3)
  A hellephant (Depths:3)
  6 Orb Guardians
  Zenata (Elf:3)
  A deep elf master archer (Elf:3)
  A quicksilver dragon (Zot:5)
  2 liches
  3 sphinxes
  3 acid blobs
  Polyphemus (Shoals:3)
  Roxanne (Spider:4)
  A storm dragon (Zot:3)
  Donald (Orc:2)
  A rockslime (Slime:3)
  3 shadow dragons
  Aizul (Spider:1)
  A fire giant (Depths:3)
  2 draconian knights
  6 frost giants
  An emperor scorpion (Spider:4)
  4 deep elf sorcerers
  2 iron dragons (Depths:3)
  3 deep elf elementalists (Elf:3)
  3 ghost moths
  5 vault wardens
  Louise (Spider:3)
  An orc warlord (Orc:2)
  A draconian shifter (Zot:4)
  A caustic shrike zombie (Depths:2)
  3 spriggan defenders
  2 draconian annihilators
  A cacodemon (Depths:3)
  A balrug (Zot:2)
  2 draconian stormcallers
  2 broodmothers
  An angel (Shoals:4)
  8 ironbound preservers
  2 formless jellyfish
  4 quicksilver oozes
  A reaper (Depths:1)
  9 very ugly things
  2 deep elf demonologists
  6 ironbound thunderhulks
  3 black draconians
  6 stone giants
  A vampire knight (Depths:2)
  2 green draconians (Zot:3)
  3 yellow draconians
  11 spark wasps
  7 dire elephants
  A deep elf annihilator (Elf:3)
  A white draconian (Zot:2)
  A minotaur (Gauntlet)
  A statue (WizLab)
  10 merfolk impalers
  4 deep elf death magi (Elf:3)
  2 fire dragons
  8 merfolk javelineers
  6 ettins
  A quicksilver dragon zombie (D:15)
  3 entropy weavers
  6 great orbs of eyes
  5 yaktaur captains
  2 deep elf high priests
  5 rakshasas
  9 ice dragons
  7 vault guards
  4 hydras
  A hell beast (Depths:4)
  2 peacekeepers
  A salamander tyrant (Depths:3)
  A catoblepas (Shoals:3)
  A spriggan air mage (Depths:3)
  An alligator snapping turtle (Shoals:4)
  2 jorogumos
  2 merfolk aquamancers (Shoals:4)
  20 centaur warriors
  4 boulder beetles
  8 ironbound frosthearts
  16 death yaks
  2 radroaches (Spider:3)
  4 dancing weapons
  3 two-headed ogres
  A deep troll shaman (Depths:2)
  A boulder beetle (shapeshifter) (D:13)
  3 tengu warriors
  4 deep troll earth magi
  A spriggan berserker (Depths:2)
  2 demonic crawlers
  6 hell hogs (Depths:3)
  A death scarab (Spider:3)
  Urug (Orc:2)
  2 orc high priests (Orc:2)
  An occultist (Depths:3)
  3 sun demons
  4 spriggans
  A hell knight (Vaults:3)
  2 skysharks
  7 skeletal warriors
  A spectral death yak (Lair:5)
  7 deep elf knights
  Amaemon (D:11)
  A sixfirhy (Zot:2)
  A flayed ghost (D:15)
  3 pharaoh ants (Spider:3)
  4 sea snakes
  35 deep trolls
  An orange crystal statue (IceCv)
  3 glowing orange brains
  5 orb spiders
  2 steelbarb worms
  2 obsidian statues
  5 deep elf archers
  3 lindwurms (Vaults:2)
  4 arcanists
  15 ironbound convokers
  10 harpies
  2 phantasmal warriors
  23 ugly things
  23 deep elf pyromancers
  20 deep elf zephyrmancers
  3 orc knights (Orc:2)
  4 fauns (Shoals:1)
  2 manticores
  4 necromancers
  9 cyclopes
  12 wolf spiders
  A manticore (shapeshifter) (D:15)
  A salamander (shapeshifter) (D:15)
  3 orc sorcerers (Orc:2)
  2 salamanders (Depths:3)
  3 moths of wrath
  2 black mambas
  2 ice statues (Shoals:2)
  21 elephants
  9 vault sentinels
  2 water nymphs
  2 torpor snails
  5 merfolk sirens
  3 gargoyles
  A hellion (Depths:3)
  A rime drake (shapeshifter) (Elf:3)
  A cane toad (shapeshifter) (D:11)
  8 cane toads
  6 storm dragon simulacra (IceCv)
  3 unseen horrors
  2 kobold demonologists
  A tengu conjurer (Depths:3)
  4 komodo dragons
  15 yaktaurs
  4 golden dragon simulacra (IceCv)
  7 merfolk
  13 meliai
  5 trolls
  13 nameless horrors
  6 hornets
  A polar bear (Lair:2)
  13 tarantellas
  8 snapping turtles
  2 spectral elephants (Lair:5)
  5 dream sheep
  2 wind drakes
  8 blink frogs
  A glass eye (Slime:5)
  2 human simulacra (Vaults:4)
  9 culicivoras
  19 slime creatures
  15 jumping spiders
  2 shadows
  2 wyverns
  A ynoxinul (D:8)
  10 water elementals
  2 air elementals (Elf:3)
  33 yaks
  3 fire bats (Depths:3)
  A chaos spawn (D:4)
  3 basilisks
  A fire elemental (Elf:1)
  2 vampire mosquitoes (D:12)
  23 redbacks
  An acid dragon (Zot:2)
  A spectral cane toad (Lair:5)
  3 wargs (Orc:2)
  10 water moccasins
  A large abomination (Depths:4)
  29 orc warriors
  Duvessa (D:5)
  10 ice beasts (D:13)
  An elephant zombie (Lair:5)
  A spriggan simulacrum (Depths:2)
  10 ogres
  4 ice dragon simulacra (IceCv)
  3 wolves (Lair:5)
  5 boggarts
  9 centaurs (D:14)
  A gnoll sergeant (Orc:1)
  6 bullfrogs
  4 scorpions
  Dowan (D:5)
  A wight (D:9)
  7 lindwurm simulacra (IceCv)
  7 killer bees
  14 electric eels
  3 howler monkeys
  3 lava snakes (Lair:3)
  3 jellies (Lair:5)
  3 hounds (D:5)
  A gnoll bouda (D:5)
  14 orc priests (Orc:2)
  An iron imp (D:10)
  8 orc wizards
  5 hell rats
  4 gnolls
  4 adders
  3 ufetubi
  37 orcs
  2 endoplasms
  6 goblins
  3 hobgoblins
  A quokka (D:5)
  4 ball pythons
  9 bats
  A frilled lizard (D:2)
  4 rats
1105 creatures vanquished.

Vanquished Creatures (collateral kills)
  the Royal Jelly (Slime:5)
  A pandemonium lord (Depths:1)
  Tiamat (Zot:2)
  An orb of fire (Zot:5)
  2 ancient liches (Zot:5)
  6 Killer Klowns (Zot:5)
  A curse toe (Zot:5)
  15 golden dragons
  Jory (Depths:3)
  2 bone dragons (Zot:2)
  Nikola (Shoals:3)
  An electric golem (Zot:5)
  A hellephant (Depths:3)
  8 tentacled monstrosities
  23 Orb Guardians
  A lich (Depths:3)
  A walking crystal tome (Depths:2)
  3 walking earthen tomes
  A deep elf master archer (Elf:3)
  16 acid blobs
  2 deep elf blademasters (Elf:3)
  An Executioner (Depths:4)
  5 death cobs
  Frances (Spider:1)
  A quicksilver dragon (Zot:4)
  10 storm dragons
  3 tengu reavers
  6 shadow dragons
  6 draconian monks
  Ilsuiw (Shoals:2)
  12 azure jellies
  6 frost giants
  11 rockslimes
  An iron dragon (Depths:4)
  9 draconian knights
  2 ghost moths
  3 emperor scorpions
  3 fire giants
  7 draconian shifters
  3 deep elf sorcerers
  5 draconian scorchers
  A deep elf elementalist (Elf:3)
  An orc warlord (Vaults:3)
  3 draconian stormcallers
  8 ironbound preservers
  7 vault wardens
  11 draconian annihilators
  10 very ugly things
  11 formless jellyfish
  13 quicksilver oozes
  3 ironbound thunderhulks
  8 stone giants
  8 green draconians
  16 black draconians
  A lorocyproca (Depths:4)
  A broodmother (Spider:4)
  4 deep elf demonologists (Elf:3)
  14 red draconians
  2 deep elf annihilators (Elf:3)
  16 dire elephants
  9 purple draconians
  15 white draconians
  5 spark wasps
  10 yellow draconians
  3 deep elf death magi (Elf:3)
  Josephine (Lair:5)
  4 fire dragons
  5 ettins
  A green death (Depths:2)
  6 merfolk impalers
  2 deep elf high priests (Elf:3)
  5 yaktaur captains
  3 merfolk javelineers (Shoals:4)
  10 great orbs of eyes
  2 vault guards (Vaults:2)
  13 ice dragons
  5 rakshasas
  4 merfolk avatars (Shoals:4)
  3 spriggan air magi
  4 hydras
  5 ironbound frosthearts
  A jorogumo (Spider:1)
  6 death yaks
  An ogre mage (Vaults:1)
  2 two-headed ogres
  3 boulder beetles
  6 centaur warriors
  An alligator snapping turtle (Shoals:3)
  A deep troll shaman (Depths:3)
  3 nameless horrors
  2 dancing weapons (Elf:3)
  A hell hog (Depths:3)
  2 orc high priests (Orc:2)
  7 tengu warriors
  The ghost of Pi314 the Cudgeller, a novice OgGl of Okawaru (D:7)
  2 demonic crawlers (Spider:4)
  4 deep troll earth magi
  4 spriggan berserkers
  A holy swine (Shoals:4)
  3 soul eaters
  4 sun demons
  5 iron trolls
  3 skysharks
  3 skeletal warriors
  A spectral anaconda (Lair:5)
  2 cherubim (Shoals:4)
  2 pharaoh ants (Spider:4)
  4 sea snakes
  3 glowing orange brains
  A sun moth (Spider:4)
  2 spark wasp zombies
  An orb spider (Spider:4)
  2 swamp dragons (Zot:2)
  A flayed ghost (Vaults:3)
  26 deep trolls
  4 deep elf archers (Elf:3)
  5 lindwurms
  2 harpies
  2 arcanists
  10 wolf spiders
  6 deep elf pyromancers
  2 phantasmal warriors
  3 steelbarb worms
  4 orc knights
  5 necromancers
  A mana viper (shapeshifter) (D:11)
  9 ironbound convokers
  4 cyclopes
  7 shining eyes
  6 deep elf zephyrmancers
  7 manticores
  27 ugly things
  A salamander (shapeshifter) (Vaults:2)
  An orc sorcerer (Orc:2)
  A fire giant skeleton (Vaults:4)
  A faun (Shoals:1)
  22 moths of wrath
  2 merfolk sirens (Shoals:1)
  12 elephants
  A toenail golem (Zot:5)
  7 vault sentinels
  3 eyes of devastation
  2 dire elephant zombies (Lair:5)
  4 torpor snails
  2 orange demons
  3 cane toads
  A kobold demonologist (D:11)
  A rime drake (shapeshifter) (D:13)
  10 komodo dragons
  A freezing wraith (Vaults:1)
  8 yaktaurs
  A tengu conjurer (Depths:2)
  A queen bee (Lair:2)
  16 merfolk
  5 trolls
  2 wind drakes
  5 meliai
  2 hornets
  7 tarantellas
  2 glass eyes
  5 blink frogs
  A spriggan zombie (D:15)
  A dream sheep (Lair:5)
  A human simulacrum (Vaults:4)
  7 jumping spiders
  7 snapping turtles
  79 slime creatures
  6 wraiths
  27 yaks
  7 culicivoras
  Sigmund (D:2)
  2 spriggans
  6 water elementals
  2 shadows (D:11)
  4 wyverns
  7 golden eyes
  2 large abominations
  A death yak simulacrum (Lair:5)
  15 redbacks
  An acid dragon (Zot:2)
  5 water moccasins
  21 orc warriors
  A black bear (Lair:2)
  3 ice beasts (D:13)
  3 sky beasts
  3 ogres
  7 wolves (Lair:5)
  An elephant skeleton (Lair:5)
  9 centaurs
  A kobold brigand (D:11)
  10 bullfrogs
  Blork the orc (Orc:1)
  A scorpion (D:5)
  An earth elemental (Elf:3)
  2 gnoll sergeants (D:8)
  A cane toad simulacrum (Lair:5)
  10 killer bees
  3 electric eels
  2 howler monkeys (D:7)
  3 hounds
  2 iron imps (D:10)
  3 jellies
  13 orc priests
  A gnoll bouda (D:4)
  4 iguanas
  Jessica (D:2)
  12 orc wizards
  7 hell rats
  15 gnolls
  3 adders (D:3)
  A shadow imp (D:7)
  3 white imps
  3 ufetubi
  4 worms
  A dart slug (D:4)
  45 orcs
  7 endoplasms
  A giant cockroach (D:1)
  A goblin (D:1)
  3 hobgoblins
  3 quokkas (D:3)
  2 ball pythons
  4 bats
  A frilled lizard (D:1)
  2 kobolds
  2 rats
1191 creatures vanquished.

Vanquished Creatures (others)
  An angel (D:4)
  A hydra (D:11)
  A hell beast (Depths:4)
  A hell knight (Depths:3)
  A manticore (Shoals:3)
  3 komodo dragons
  A troll (D:9)
  A wraith (D:9)
  A yak (Lair:2)
  A wyvern (D:9)
  An acid dragon (D:9)
  An orc warrior (D:6)
  2 black bears (D:6)
  A kobold brigand (D:9)
  A gnoll sergeant (D:9)
  A killer bee (D:9)
  An electric eel (Lair:3)
  A lava snake (Lair:3)
  An orc wizard (D:6)
  2 gnolls (D:9)
  2 ufetubi (D:6)
  An orc (D:6)
27 creatures vanquished.

Grand Total: 2323 creatures vanquished

Notes
Turn   | Place    | Note
-------+----------+-------------------------------------------
     0 | D:1      | Sergey the Demigod Hedge Wizard began the quest for the
                  | Orb.
     0 | D:1      | Reached XP level 1. HP: 14/14 MP: 6/6
    54 | D:1      | Reached skill level 1 in Conjurations
   617 | D:1      | You fall into a shaft and drop 1 floor!
  1709 | D:2      | Reached XP level 2. HP: 20/20 MP: 8/8
  1718 | D:1      | Learned a level 2 spell: Call Imp
  1860 | D:1      | Learned a level 2 spell: Blink
  2029 | D:1      | Reached skill level 1 in Summonings
  2398 | D:2      | Learned a level 1 spell: Summon Small Mammal
  2447 | D:2      | Noticed Sigmund
  2605 | D:2      | Noticed Jessica
  2714 | D:2      | Reached XP level 3. HP: 26/26 MP: 0/9
  3572 | D:3      | Reached skill level 2 in Summonings
  6230 | D:4      | Noticed an angel
  6244 | D:4      | Reached skill level 3 in Summonings
  6244 | D:4      | Reached XP level 4. HP: 33/33 MP: 6/10
  6657 | D:4      | Killed an angel
  6710 | D:4      | Reached skill level 1 in Fighting
  7036 | D:4      | Learned a level 3 spell: Call Canine Familiar
  7389 | D:4      | Reached XP level 5. HP: 39/40 MP: 6/12
  7805 | D:5      | Entered Level 5 of the Dungeon
  7819 | D:5      | Found a staircase to the Ecumenical Temple.
  7833 | D:5      | Reached skill level 4 in Summonings
  8116 | D:5      | Reached skill level 5 in Summonings
  8116 | D:5      | Reached XP level 6. HP: 40/47 MP: 8/13
  8350 | D:5      | Noticed Dowan
  8433 | D:5      | Learned a level 3 spell: Summon Guardian Golem
  8953 | D:5      | Reached skill level 1 in Hexes
  9503 | D:5      | Found Hubbe's General Store.
  9512 | D:5      | Bought a scroll of vulnerability for 40 gold pieces
  9512 | D:5      | Bought a scroll of butterflies for 40 gold pieces
 10403 | D:5      | Noticed Duvessa
 10647 | D:2      | Killed Jessica
 11233 | D:6      | Reached XP level 7. HP: 47/52 MP: 5/16
 11294 | D:6      | Reached skill level 6 in Summonings
 11455 | D:6      | Found Volohyet's Neck Hole.
 11488 | D:6      | Noticed a wyvern
 11602 | D:6      | Noticed Maggie
 12389 | D:6      | Bought an amulet of regeneration for 360 gold pieces
 12625 | D:6      | Killed a wyvern
 12626 | D:6      | Reached XP level 8. HP: 50/63 MP: 4/19
 12938 | D:2      | Killed Sigmund
 12939 | D:2      | Reached skill level 5 in Spellcasting
 13256 | D:7      | Reached skill level 1 in Evocations
 14302 | D:7      | Reached skill level 1 in Translocations
 14464 | D:8      | Found a runed translucent door.
 14467 | D:8      | Noticed Pi314's ghost (novice OgGl)
 14722 | D:8      | Reached XP level 9. HP: 72/72 MP: 17/21
 14739 | D:8      | Reached skill level 5 in Fighting
 14894 | D:8      | Reached skill level 5 in Stealth
 15820 | D:9      | Paralysed by a hornet for 1 turns
 16696 | D:9      | Reached XP level 10. HP: 84/84 MP: 20/26
 16928 | D:9      | Reached skill level 7 in Summonings
 17456 | D:9      | Found Wial's Book Shoppe.
 17810 | D:10     | Entered Level 10 of the Dungeon
 17844 | D:9      | Reached skill level 8 in Summonings
 18046 | D:10     | Reached skill level 1 in Polearms
 18753 | D:10     | Found a staircase to the Lair.
 18878 | Lair:1   | Entered Level 1 of the Lair of Beasts
 18900 | Lair:1   | Reached XP level 11. HP: 90/94 MP: 27/27
 19092 | Lair:1   | Reached skill level 9 in Summonings
 19521 | Lair:1   | Identified the +6 flail "Fuudd" {heavy, MP+9 Int+2}
 19967 | Lair:2   | Reached skill level 10 in Summonings
 20255 | Lair:2   | Reached skill level 5 in Dodging
 20357 | D:9      | Learned a level 3 spell: Frozen Ramparts
 20361 | D:9      | Learned a level 3 spell: Hailstorm
 20461 | Lair:2   | Noticed a harpy
 20470 | Lair:2   | Killed a harpy
 20471 | Lair:2   | Reached skill level 1 in Ice Magic
 20487 | Lair:2   | Found a staircase to the Shoals.
 20487 | Lair:2   | Noticed a harpy
 20491 | Lair:2   | a harpy changed into a queen bee
 21343 | Lair:3   | Reached XP level 12. HP: 96/101 MP: 28/28
 21545 | Lair:3   | Found a hole to the Spider Nest.
 21682 | Lair:3   | Reached skill level 5 in Ice Magic
 21991 | Lair:3   | Noticed a boulder beetle
 22001 | Lair:3   | Killed a boulder beetle
 22085 | Lair:3   | Reached skill level 5 in Conjurations
 22863 | Lair:3   | Noticed a four-headed hydra
 22869 | Lair:3   | Killed a four-headed hydra
 23225 | Lair:4   | Found a dark tunnel.
 23411 | D:9      | Bought a book of Changes for 180 gold pieces
 23417 | D:9      | Learned a level 5 spell: Irradiate
 23450 | D:11     | Reached skill level 1 in Transmutations
 23560 | D:11     | Found a runed translucent gate.
 23561 | D:11     | Found a runed translucent gate.
 23562 | D:11     | Found a runed translucent gate.
 23563 | D:11     | Noticed Viggi's ghost (journeyman FoHu)
 23563 | D:11     | Noticed jt's ghost (journeyman NaEn)
 23602 | D:11     | Found a staircase to the Orcish Mines.
 23644 | D:11     | Noticed Amaemon
 23663 | D:11     | Killed Amaemon
 23817 | D:11     | Reached skill level 1 in Air Magic
 23825 | D:11     | Noticed a five-headed hydra
 23844 | D:11     | Killed a five-headed hydra
 24018 | D:11     | Noticed a four-headed hydra
 24031 | D:11     | Killed a four-headed hydra
 24242 | D:7      | Killed Pi314's ghost
 24338 | D:8      | Learned a level 4 spell: Summon Lightning Spire
 24520 | Lair:4   | Reached XP level 13. HP: 92/107 MP: 23/30
 24847 | Lair:4   | Reached skill level 10 in Spellcasting
 25909 | Lair:5   | Entered Level 5 of the Lair of Beasts
 25912 | Lair:5   | Noticed Josephine
 25919 | Lair:5   | Killed Josephine
 26246 | Lair:5   | Identified the +4 plate armour of Okoll {-Cast rPois rN+
                  | Str+6}
 26654 | Lair:5   | Found a staircase to the Slime Pits.
 26934 | Lair:5   | Reached skill level 10 in Fighting
 27236 | Lair:5   | Reached XP level 14. HP: 99/121 MP: 34/34
 27368 | Lair:5   | Found a transporter.
 27373 | Lair:5   | Found a transporter.
 27456 | Lair:5   | Found a one-way gate to the infinite horrors of the Abyss.
 27456 | Lair:5   | Noticed heinrich's ghost (journeyman TrMo)
 27503 | Lair:5   | Noticed a cacodemon
 28126 | Lair:5   | Learned a level 5 spell: Lee's Rapid Deconstruction
 28258 | Lair:5   | Reached skill level 1 in Earth Magic
 30091 | D:11     | Reached skill level 5 in Earth Magic
 31583 | D:13     | Found a gate leading to a gauntlet.
 31592 | Gauntlet | Entered a Gauntlet
 31592 | Gauntlet | Found a transporter.
 31592 | Gauntlet | Found a transporter.
 31593 | Gauntlet | Found a transporter.
 31593 | Gauntlet | Found a transporter.
 31596 | Gauntlet | Found a transporter.
 31608 | Gauntlet | Found a transporter.
 31672 | Gauntlet | Found a transporter.
 31682 | Gauntlet | Found a transporter.
 31697 | Gauntlet | Found a transporter.
 31707 | Gauntlet | Found a transporter.
 31722 | Gauntlet | Found a transporter.
 31728 | Gauntlet | Found a transporter.
 31896 | Gauntlet | Identified the ring of Osicrau {Will+ rCorr Stlth+}
 31970 | Gauntlet | Identified the ring of Tobbemas {rC+ Slay+3 SInv}
 31986 | Gauntlet | Identified the ring of Fokuwuqi {rCorr Dex+5}
 32283 | D:13     | Reached XP level 15. HP: 126/126 MP: 26/38
 33168 | D:13     | Found a gate to the Vaults.
 33382 | Orc:1    | Entered Level 1 of the Orcish Mines
 33569 | Orc:1    | Noticed Blork the orc
 33574 | Orc:1    | Killed Blork the orc
 33862 | Orc:2    | Entered Level 2 of the Orcish Mines
 34146 | Orc:2    | Noticed Urug
 34152 | Orc:2    | Killed Urug
 34189 | Orc:2    | Noticed Donald
 34200 | Orc:2    | Killed Donald
 35000 | Orc:2    | Found a staircase to the Elven Halls.
 35916 | Orc:2    | Found Quid Peum's Armour Emporium.
 35927 | Orc:2    | Found Hiufaq's Weapon Shoppe.
 36528 | Orc:2    | Found Hiufaq's Weapon Shoppe.
 36531 | Orc:2    | Found Quid Peum's Armour Emporium.
 36860 | Orc:2    | Found a staircase to the Elven Halls.
 37589 | Orc:2    | Found Hyniury's Armour Shoppe.
 37673 | Orc:2    | Found Boch's Magic Scroll Emporium.
 37682 | Orc:2    | Identified a scroll of acquirement
 37683 | Orc:2    | Identified the of Tinoqig (You acquired it on level 2 of
                  | the Orcish Mines)
 37959 | Orc:2    | Bought a scroll of teleportation for 33 gold pieces
 37959 | Orc:2    | Bought a scroll of teleportation for 33 gold pieces
 37959 | Orc:2    | Bought a scroll of fog for 44 gold pieces
 37959 | Orc:2    | Bought a scroll of amnesia for 44 gold pieces
 37959 | Orc:2    | Bought a scroll of revelation for 82 gold pieces
 37959 | Orc:2    | Bought a scroll of identify for 22 gold pieces
 38434 | D:14     | Identified the +7 mace "Soavioh" {venom, rF++ Int+3 SInv
                  | Stlth-}
 40261 | Orc:2    | Bought a +2 leather armour of poison resistance for 256
                  | gold pieces
 40455 | D:5      | Bought a potion of brilliance for 40 gold pieces
 40455 | D:5      | Bought a potion of magic for 80 gold pieces
 40520 | D:5      | Killed Dowan
 40527 | D:5      | Killed Duvessa
 41129 | Spider:1 | Entered Level 1 of the Spider Nest
 41140 | Spider:1 | Noticed Frances
 41690 | Spider:1 | Reached XP level 16. HP: 133/139 MP: 30/40
 41977 | Shoals:1 | Entered Level 1 of the Shoals
 42250 | Shoals:1 | Reached skill level 15 in Spellcasting
 42267 | Shoals:1 | Reached skill level 5 in Polearms
 43423 | Shoals:2 | Noticed Ilsuiw
 43603 | Shoals:2 | Found a frozen archway.
 43756 | IceCv    | Entered an ice cave
 44830 | IceCv    | Reached skill level 11 in Summonings
 45030 | IceCv    | Noticed a golden dragon
 46384 | IceCv    | Killed a golden dragon
 46578 | IceCv    | Identified the ring of Sadaw {Fire Int+2 Dex+4 SInv Stlth+}
 46585 | IceCv    | Identified the ring "Dotyud" {Drain Fly Int+3 Dex+5}
 47466 | Shoals:2 | Learned a level 7 spell: Spellforged Servitor
 47970 | Shoals:3 | Noticed Nikola
 48512 | D:15     | Entered Level 15 of the Dungeon
 48688 | D:15     | Reached skill level 10 in Dodging
 49754 | Orc:2    | Learned a level 7 spell: Haunt
 49970 | Spider:1 | Killed Frances
 50189 | Spider:1 | Identified the serpent talisman "Ziumaego" {Will++ MP-9
                  | Int+2 Dex+2}
 50189 | Spider:1 | Noticed Aizul
 50196 | Spider:1 | Killed Aizul
 50607 | Spider:1 | Reached skill level 12 in Summonings
 51906 | Spider:3 | Noticed Louise
 52062 | Spider:3 | Killed Louise
 52327 | Spider:3 | Reached XP level 17. HP: 146/146 MP: 25/41
 52664 | Spider:3 | Reached skill level 13 in Summonings
 54252 | WizLab   | Identified the "Buorphum"
 54252 | WizLab   | Identified the "Jaes"
 54252 | Elf:1    | Entered Level 1 of the Elven Halls
 54867 | Elf:1    | Reached skill level 14 in Summonings
 56353 | Elf:2    | Found Nuvyiz's Armour Shop.
 56399 | Elf:2    | Reached skill level 15 in Summonings
 56929 | Elf:2    | Found Cynad's General Store.
 57019 | Elf:2    | Bought a +2 helmet of intelligence for 365 gold pieces
 57019 | Elf:2    | Bought 3 scrolls of revelation for 382 gold pieces
 57035 | Elf:2    | Found Nyuh Qum's Assorted Antiques.
 57046 | Elf:2    | Bought a scroll of teleportation for 78 gold pieces
 57046 | Elf:2    | Bought a potion of enlightenment for 130 gold pieces
 57046 | Elf:2    | Bought a potion of ambrosia for 208 gold pieces
 57244 | Elf:2    | Found a runed translucent gate.
 57244 | Elf:2    | Found a runed translucent gate.
 57245 | Elf:2    | Found a runed translucent gate.
 57280 | Elf:2    | Found Akunt's Jewellery Boutique.
 57486 | Elf:3    | Identified the of Egisub
 57486 | Elf:3    | Identified the "Deudap"
 57486 | Elf:3    | Identified the "Goxke"
 57486 | Elf:3    | Entered Level 3 of the Elven Halls
 57859 | Elf:3    | Noticed Zenata
 57869 | Elf:3    | Killed Zenata
 58020 | Elf:3    | Paralysed by an air elemental for 1 turns
 58430 | Elf:3    | Paralysed by an air elemental for 1 turns
 59850 | Elf:3    | Reached skill level 10 in Conjurations
 59924 | Elf:3    | Noticed a deep elf blademaster
 59929 | Elf:3    | Killed a deep elf blademaster
 60230 | Elf:3    | Identified the +9 executioner's axe of Nyxuts {antimagic,
                  | Fly rF+}
 60241 | Elf:3    | Reached XP level 18. HP: 154/154 MP: 12/43
 61187 | Elf:3    | Identified the +4 ring mail "Gyudo" {Str+4 Int+2 Dex+3}
 61448 | Elf:3    | Identified the +12 chain mail "Gujibipo" {MP+9}
 61450 | Elf:3    | Learned a level 6 spell: Bombard
 61455 | Elf:3    | Reached skill level 1 in Necromancy
 61835 | Elf:3    | Acquired 883 gold pieces
 61836 | Elf:3    | Acquired 404 gold pieces
 61880 | Elf:3    | Found the +10 tower shield of Ignorance {rN+ Int-4}
 61881 | Elf:3    | Identified the +8 arbalest of Anguish {flame, +Blink rCorr
                  | Int+2 Dex-3}
 61894 | Elf:3    | Identified the +0 orcbow "Kusigov" {heavy, *Slow Will++
                  | Dex+5}
 61899 | Elf:3    | Identified the staff "Weiq" {*Slow rN+ rCorr Str+5 Int-5
                  | Necro}
 61903 | Elf:3    | Identified the +1 ring mail of Igevur {rN+ Stlth+}
 62757 | Shoals:2 | Killed Ilsuiw
 63202 | Shoals:3 | Reached skill level 1 in Shields
 63380 | Shoals:3 | Noticed Polyphemus
 63386 | Shoals:3 | Killed Polyphemus
 63547 | Shoals:3 | Killed Nikola
 64546 | Shoals:4 | Entered Level 4 of the Shoals
 64917 | Shoals:4 | Reached skill level 5 in Shields
 65226 | Shoals:4 | Identified the +4 shortbow "Etuenuesch" {freeze, rElec}
 65898 | Shoals:4 | Reached skill level 5 in Necromancy
 65973 | Shoals:4 | Got a barnacled rune of Zot
 66627 | Spider:4 | Entered Level 4 of the Spider Nest
 66982 | Spider:4 | Noticed Roxanne
 66986 | Spider:4 | Killed Roxanne
 67837 | Spider:4 | Reached skill level 16 in Summonings
 68115 | Spider:4 | Got a gossamer rune of Zot
 68666 | D:13     | Reached XP level 19. HP: 154/160 MP: 20/44
 68995 | D:15     | Found a staircase to the Depths.
 69134 | D:15     | Identified the +11 longbow "Ginwoc Voss" {freeze, rC+ Int+3
                  | Dex-2 Stlth+}
 69365 | Vaults:1 | Entered Level 1 of the Vaults
 69558 | Vaults:1 | Found a magical portal.
 69567 | WizLab   | Entered Iskenderun's Mystic Tower
 70118 | Vaults:1 | Reached skill level 17 in Summonings
 70266 | Vaults:1 | Reached skill level 1 in Armour
 71439 | Vaults:1 | Found a huge runed gate.
 71439 | Vaults:1 | Found a huge runed gate.
 71439 | Vaults:1 | Found a huge runed gate.
 71439 | Vaults:1 | Found a huge runed gate.
 71439 | Vaults:1 | Found a huge runed gate.
 71440 | Vaults:1 | Found a huge runed gate.
 71440 | Vaults:1 | Found a huge runed gate.
 71440 | Vaults:1 | Found a huge runed gate.
 71440 | Vaults:1 | Found a huge runed gate.
 71442 | Vaults:1 | Found a huge runed gate.
 71442 | Vaults:1 | Found a huge runed gate.
 71442 | Vaults:1 | Found a huge runed gate.
 71442 | Vaults:1 | Found a huge runed gate.
 71442 | Vaults:1 | Found a huge runed gate.
 71442 | Vaults:1 | Found a huge runed gate.
 71443 | Vaults:1 | Found a huge runed gate.
 71444 | Vaults:1 | Found a huge runed gate.
 71445 | Vaults:1 | Found a huge runed gate.
 71453 | Vaults:1 | Found a huge runed gate.
 71453 | Vaults:1 | Found a huge runed gate.
 71453 | Vaults:1 | Found a huge runed gate.
 71453 | Vaults:1 | Found a huge runed gate.
 71453 | Vaults:1 | Found a huge runed gate.
 71453 | Vaults:1 | Found a huge runed gate.
 71454 | Vaults:1 | Found a huge runed gate.
 71455 | Vaults:1 | Found a huge runed gate.
 71456 | Vaults:1 | Found a huge runed gate.
 71464 | Vaults:1 | Found a huge runed gate.
 71464 | Vaults:1 | Found a huge runed gate.
 71464 | Vaults:1 | Found a huge runed gate.
 71464 | Vaults:1 | Found a huge runed gate.
 71464 | Vaults:1 | Found a huge runed gate.
 71464 | Vaults:1 | Found a huge runed gate.
 71465 | Vaults:1 | Found a huge runed gate.
 71466 | Vaults:1 | Found a huge runed gate.
 71467 | Vaults:1 | Found a huge runed gate.
 72139 | Vaults:2 | Found Zunwaiq's Jewellery Boutique.
 72328 | Vaults:2 | Reached skill level 18 in Summonings
 72730 | Vaults:2 | Found a staircase to the Crypt.
 73592 | Vaults:2 | Reached skill level 19 in Summonings
 74453 | Vaults:2 | Reached XP level 20. HP: 158/168 MP: 18/46
 75387 | D:9      | Bought a book of the Dragon for 420 gold pieces
 75397 | D:9      | Learned a level 9 spell: Dragon's Call
 75565 | Elf:2    | Bought 3 scrolls of revelation for 585 gold pieces
 75672 | Orc:2    | Bought a scarf of resistance for 384 gold pieces
 76117 | Vaults:3 | Reached skill level 20 in Summonings
 76346 | Vaults:3 | Reached skill level 1 in Shapeshifting
 77341 | Vaults:3 | Paralysed by a formless jellyfish for 1 turns
 77535 | Vaults:3 | Found Fimaotin's Weapon Boutique.
 77829 | Vaults:3 | Reached skill level 5 in Shapeshifting
 78749 | Vaults:4 | Identified the +1 robe of the Kraken {rF+ rN+ Dex+2}
 80337 | Vaults:4 | Found Boch's Distillery.
 80345 | Vaults:4 | Bought a potion of enlightenment for 85 gold pieces
 80345 | Vaults:4 | Bought a potion of curing for 51 gold pieces
 80345 | Vaults:4 | Bought a potion of curing for 51 gold pieces
 80345 | Vaults:4 | Bought a potion of curing for 51 gold pieces
 80345 | Vaults:4 | Bought a potion of curing for 51 gold pieces
 80345 | Vaults:4 | Bought a potion of curing for 51 gold pieces
 80345 | Vaults:4 | Bought a potion of curing for 51 gold pieces
 80345 | Vaults:4 | Bought a potion of brilliance for 68 gold pieces
 80345 | Vaults:4 | Bought a potion of magic for 136 gold pieces
 81282 | Vaults:4 | Found Kolih's Armour Shop.
 81289 | Vaults:4 | Bought the +3 hat of Pondering {ponderous, Will+ MP+10
                  | Int+5} for 838 gold pieces
 81289 | Vaults:4 | Found the +3 hat of Pondering {ponderous, Will+ MP+10
                  | Int+5}
 81344 | Vaults:4 | Found Mecsoshi's General Store.
 82038 | Depths:1 | Entered Level 1 of the Depths
 82054 | Depths:1 | Reached skill level 10 in Shapeshifting
 82232 | Depths:1 | Found a gateway to Hell.
 82353 | Depths:1 | Reached XP level 21. HP: 137/174 MP: 10/47
 82531 | Depths:1 | Found Vemef's Book Shoppe.
 82551 | Depths:1 | Found Fyijir's Armour Emporium.
 82852 | Depths:1 | Found Verr's Antique Armour Boutique.
 83088 | Depths:1 | Found Sagan's Antique Weapon Emporium.
 83244 | Depths:1 | Found Ruomel's Antique Armour Boutique.
 83572 | Depths:2 | Identified the +2 leather armour of Responsibility {*Slow
                  | rC+ Int+3}
 83611 | Depths:2 | Found a one-way gate leading to the halls of Pandemonium.
 85059 | Depths:2 | Identified the +0 chain mail of the Thinker {Will+ Dex+5
                  | Stlth+}
 86297 | Depths:2 | Found a one-way gateway to a ziggurat.
 86500 | Depths:2 | Found a portal to a secret trove of treasure.
 87210 | Depths:3 | Found Xicepe's Antique Armour Shop.
 87238 | Depths:3 | Noticed Jory
 87244 | Depths:3 | Killed Jory
 87247 | Depths:3 | Noticed Xtahua
 87251 | Depths:3 | Killed Xtahua
 87373 | Depths:3 | Found Xuilaupn's General Store.
 87373 | Depths:3 | Found Jiysuvulih's Armour Boutique.
 87377 | Depths:3 | Found Xopniery's Jewellery Boutique.
 87687 | Depths:3 | Bought a potion of heal wounds for 95 gold pieces
 87687 | Depths:3 | Bought a potion of haste for 190 gold pieces
 87690 | Depths:3 | Bought a masterwork leather armour for 175 gold pieces
 87690 | Depths:3 | Identified the +2 leather armour "Pugihuzu" {Int+3} (You
                  | bought it in a shop on level 3 of the Depths)
 88443 | Depths:3 | Noticed a caustic shrike
 88447 | Depths:3 | Killed a caustic shrike
 88643 | Depths:3 | Identified the staff of Corruption {rPois rF++ Poison}
 88731 | Depths:3 | Reached skill level 15 in Shapeshifting
 89371 | Depths:3 | Reached XP level 22. HP: 181/181 MP: 21/48
 89800 | Depths:4 | Entered Level 4 of the Depths
 90068 | Depths:4 | Noticed a caustic shrike
 90069 | Depths:4 | Noticed a caustic shrike
 90071 | Depths:4 | Noticed a caustic shrike
 90071 | Depths:4 | Noticed a caustic shrike
 90083 | Depths:4 | Noticed a caustic shrike
 90087 | Depths:4 | Noticed a caustic shrike
 90088 | Depths:4 | Noticed a caustic shrike
 90107 | Depths:4 | Killed a caustic shrike
 90108 | Depths:4 | Killed a caustic shrike
 90111 | Depths:4 | Killed a caustic shrike
 90122 | Depths:4 | Killed a caustic shrike
 90123 | Depths:4 | Killed a caustic shrike
 90124 | Depths:4 | Reached skill level 5 in Evocations
 90125 | Depths:4 | Killed a caustic shrike
 90146 | Depths:4 | Killed a caustic shrike
 90277 | Depths:4 | Gained mutation: You occasionally lose the ability to read
                  | scrolls when taking damage. [mutagenic glow]
 90296 | Depths:4 | Lost mutation: You occasionally lose the ability to read
                  | scrolls when taking damage. [potion of mutation]
 90296 | Depths:4 | Gained mutation: You have hidden genetic potential. [potion
                  | of mutation]
 90296 | Depths:4 | Gained mutation: Your mind is acute. (Int +4, Str/Dex -1)
                  | [potion of mutation]
 90296 | Depths:4 | Gained mutation: You have a pair of small antennae on your
                  | head. [potion of mutation]
 90427 | Depths:4 | Acquired 507 gold pieces
 90880 | Depths:4 | Found a gate to the Realm of Zot.
 91638 | Zot:2    | Identified the "Isihel"
 91638 | Slime:1  | Entered Level 1 of the Pits of Slime
 92296 | Slime:2  | Reached skill level 21 in Summonings
 92722 | Slime:5  | Identified the "Atobaxa"
 92722 | Slime:5  | Entered Level 5 of the Pits of Slime
 93305 | Slime:5  | Noticed the Royal Jelly
 93736 | Slime:5  | Reached skill level 22 in Summonings
 94217 | Slime:5  | Reached XP level 23. HP: 188/188 MP: 39/49
 94321 | Slime:5  | Found the +8 Wrath of Trog {antimagic, *Rage Rampage}
 94533 | Slime:5  | Killed the Royal Jelly
 94786 | Slime:5  | Identified the staff of Collusion {rC+ rN+ Ice}
 94793 | Slime:5  | Identified the +0 shadow dragon scales of Orchadi {Int+5
                  | Stlth++++}
 94796 | Slime:5  | Identified the +6 rapier "Oxor" {freeze, rElec rPois Str+3
                  | Int-4}
 94809 | Slime:5  | Identified the amulet "Getyt" {Acrobat rPois rCorr Str+4
                  | Dex-2}
 94850 | Slime:5  | Identified the staff of Incongruity {rElec rC+ Air}
 94858 | Slime:5  | Identified the +3 short sword of Autumn {flame, rPois rF+
                  | Dex+4}
 94914 | Slime:5  | Got a slimy rune of Zot
 95732 | Depths:2 | You showed the slimy rune of Zot to enter a treasure trove
 95733 | Trove    | Entered a treasure trove
 95859 | Zot:1    | Entered Level 1 of the Realm of Zot
 96125 | Zot:1    | Gained mutation: Your spells are a little harder to cast,
                  | but a little more powerful. [hidden potential]
 96477 | Zot:1    | Identified the +7 chain mail of Privacy {rElec rF+}
 97686 | Zot:2    | Found the +4 dragonskin cloak
 97686 | Zot:2    | Noticed Tiamat
 97732 | Zot:2    | Killed Tiamat
 98049 | Zot:2    | Identified the amulet "Imuheod" {Faith Contam rPois Will+++
                  | Str+2}
 98173 | Zot:2    | Identified the +4 halberd "Quisiyx" {freeze, rPois Dex+6}
 98187 | Zot:2    | Identified the ring of Amorality {rElec rF- MP+9 Str+4
                  | Dex+5}
 99166 | Zot:3    | Reached XP level 24. HP: 195/195 MP: 41/50
 99167 | Zot:3    | Reached skill level 15 in Dodging
100191 | Zot:4    | Gained mutation: You have a considerably increased
                  | reservoir of magic. (+20% MP) [hidden potential]
100191 | Zot:4    | Lost mutation: You have hidden genetic potential. [hidden
                  | potential expressed]
100861 | Zot:5    | Entered Level 5 of the Realm of Zot
101693 | Zot:5    | Noticed a Killer Klown
101744 | Zot:5    | Killed a Killer Klown
101849 | Zot:5    | Noticed an orb of fire
101851 | Zot:5    | Noticed a Killer Klown
101855 | Zot:5    | Lost mutation: You have a considerably increased reservoir
                  | of magic. (+20% MP) [an orb of fire]
101858 | Zot:5    | Killed an orb of fire
101870 | Zot:5    | Killed a Killer Klown
101964 | Zot:5    | Noticed an ancient lich
101965 | Zot:5    | Noticed a dread lich
101975 | Zot:5    | Noticed a Killer Klown
101978 | Zot:5    | Killed an ancient lich
101979 | Zot:5    | Noticed an ancient lich
101983 | Zot:5    | Killed an ancient lich
101985 | Zot:5    | Killed a dread lich
101988 | Zot:5    | Killed a Killer Klown
102188 | Zot:5    | Noticed a Killer Klown
102194 | Zot:5    | Killed a Killer Klown
102202 | Zot:5    | Noticed an ancient lich
102207 | Zot:5    | Killed an ancient lich
102341 | Zot:5    | Noticed a dread lich
102430 | Zot:5    | Noticed an orb of fire
102431 | Zot:5    | Noticed a Killer Klown
102431 | Zot:5    | Noticed a Killer Klown
102433 | Zot:5    | Noticed a Killer Klown
102454 | Zot:5    | Killed a dread lich
102455 | Zot:5    | Killed an orb of fire
102456 | Zot:5    | Reached skill level 15 in Fighting
102459 | Zot:5    | Killed a Killer Klown
102462 | Zot:5    | Killed a Killer Klown
102757 | Zot:5    | Killed a Killer Klown
102872 | Zot:5    | Reached XP level 25. HP: 214/214 MP: 50/50
103312 | Zot:5    | Got the Orb of Zot
103604 | Depths:1 | Noticed Vujaysia the pandemonium lord
103612 | Depths:1 | Killed Vujaysia the pandemonium lord
103935 | D:$      | Escaped with the Orb!

Illustrated notes

Levels and vault maps discovered:
D:1:      tarquinn_simple_flora_water_c, layout_basic
D:2:      layout_loops_ring, uniq_jessica, uniq_sigmund
D:3:      layout_basic, okawaru_ov_weapons_minmay, lemuel_tele_altar
D:4:      layout_loops_ring, grunt_temple_overflow_order_and_chaos_1,
          nicolae_overflow_hallway_of_the_gods, minmay_misc_feat_enclosed,
          minmay_misc_feat_room
D:5:      old_forge, layout_basic, minmay_temple_entry_gardened_gates,
          serial_shops, shop, serial_park_tiny_2, minmay_liquid_box,
          nicolae_grassy_gnolls, uniq_duvessa
D:6:      layout_loops_corners, nicolae_shop_sticking_my_neck_out, uniq_maggie
D:7:      layout_loops_corners, yredelemnul_altar_generic,
          kennysheep_decorative_pillar, minivault_4, serial_bayou_pond_c
D:8:      layout_basic, nicolae_qazlal_beasts_of_the_sky, kennysheep_little_box,
          hellmonk_ghost_big_iron
D:9:      minmay_four_partial_circles, layout_long_grid, lemuel_round_altar,
          nicolae_gozag_cash_rules_everything_around_me, serial_shops, shop,
          dreamdust_wishing_well
D:10:     layout_basic, demons_altar, mainiacjoe_overflow_brackets,
          lair_entry_dummy, kennysheep_donut
D:11:     minmay_the_grid_square_5x5_4x4_mashed [minmay_the_grid_square_5x5_n,
          minmay_the_grid_square_5x5_corner,
          minmay_the_grid_square_5x5_two_walls_b,
          minmay_the_grid_square_5x5_shuriken,
          minmay_the_grid_square_5x5_broken_cross,
          minmay_the_grid_square_5x5_prize_gold,
          minmay_the_grid_square_5x5_prize_rear_guard,
          minmay_the_grid_square_5x5_shrine2,
          minmay_the_grid_square_5x5_misaligned,
          minmay_the_grid_square_5x5_prize_snowflake,
          minmay_the_grid_square_5x5_prize_deathbox,
          minmay_the_grid_square_5x5_slash, minmay_the_grid_square_5x5_v,
          minmay_the_grid_square_5x5_three_small,
          minmay_the_grid_square_5x5_inner_i,
          minmay_the_grid_square_5x5_minivault], layout_stronghold, orc_0_dummy,
          gammafunk_ghost_cemetery, uniq_amaemon
D:12:     layout_cross, evilmike_ruin_ashenzari
D:13:     minmay_twisted_water, layout_basic, david_vaults_4,
          gauntlet_entry_generic
D:14:     layout_basic
D:15:     gammafunk_depths_entry_grave, layout_loops_ring, minivault_23,
          chequers_serial_rivers_small_a
Lair:1:   layout_long_grid, grunt_megastairs_3
Lair:2:   layout_loops_ring, nicolae_shoals_entry_roost, beast_lair_carwin_5
Lair:3:   cheibrodos_lair_river_kwai, layout_layer_cave,
          spider_nest_entry_web_field, minmay_holes, nicolae_lair_liquid_snakes
Lair:4:   layout_gridlike, nicolae_volcano_entry_two_sided
Lair:5:   due_jungle_book, layout_gridlike, nicolae_slime_entry_slimehenge,
          gammafunk_ghost_abyssal_escape, nicolae_quartered_pool_super,
          minmay_hedge_maze, chequers_serial_rivers_room_b, uniq_josephine
Shoals:1: layout_shoals, nicolae_shoals_pincushion_passage
Shoals:2: layout_shoals, portal_ice_cave_entry_ice_statue_two, uniq_ilsuiw
Shoals:3: layout_shoals, uniq_polyphemus, uniq_nikola
Shoals:4: shoals_end_hellmonk_holy_island
Spider:1: layout_spider_delve, hangedman_spider_tarantella_strand, uniq_aizul,
          uniq_frances
Spider:2: layout_spider_delve
Spider:3: layout_spider_delve, uniq_louise
Spider:4: guppyfry_spider_rune, hive_lemuel, uniq_roxanne
Slime:1:  layout_caves, cheibrodos_slime_lost_civilization_6
Slime:2:  cheibrodos_slime_lost_civilization_2, layout_caves,
          nicolae_slime_phagocytosis
Slime:3:  cheibrodos_slime_lost_civilization_3, layout_caves,
          nicolae_slime_getting_an_eyeful
Slime:4:  layout_caves
Slime:5:  slime_pit_nicolae_trefoil
Orc:1:    layout_caves, sword_in_stone
Orc:2:    pubby_orc_utopia, uniq_urug, uniq_donald
Elf:1:    elf_arrival_002, layout_rooms, hangedman_elf_disciples,
          roderic_lattice_octagonal_star
Elf:2:    elven_hall_of_blades_hangedman_original
          [nicolae_blade_entry_area_security], layout_geoelf_diagonals,
          serial_shops, nicolae_shop_mannequins, shop, shop_statue,
          nicolae_square_shop
Elf:3:    elf_hall, layout_onion_city, uniq_zenata
Vaults:1: mu_enter_wizlab_4, door_vault, nicolae_vaults_ninety_degrees,
          dpeg_vaults_monster_row, grunt_vaults_twisty, hangedman_vaults_locks,
          ontoclasm_vaults_ring_square, nicolae_vaults_little_squares_5,
          v_rooms_2, nicolae_vaults_yaktaur_gun_rack,
          nicolae_vaults_double_plus_1, vaults_dpeg_diagonal,
          layout_vaults_chaotic_city
Vaults:2: ontoclasm_vaults_gateway, nicolae_vaults_alarming,
          minmay_crypt_entry_necro_gods, nicolae_vaults_heart-shaped_vault,
          nicolae_vaults_an_arrangement, vaults_room_door_ring,
          vaults_room_octagon, nicolae_vaults_network_quinsquares
          [nicolae_vaults_network_quincunx_subvault,
          nicolae_vaults_network_quincunx_subvault,
          nicolae_vaults_network_quincunx_subvault,
          nicolae_vaults_network_quincunx_subvault],
          nicolae_vaults_border_crossing, nicolae_vaults_more_shelving_1,
          nicolae_vaults_network_s, vaults_room_semicircle,
          vaults_room_semicircle, vaults_room_stairs_pillars,
          nicolae_vaults_layer_cake_slice, layout_vaults_maze_bifur,
          serial_shops, nicolae_shop_tiny_waterfront
Vaults:3: nicolae_vaults_wrenched, v_misc_9,
          nicolae_vaults_antechamber_and_loot_room,
          nicolae_vaults_layer_cake_slice, v_pattern_3,
          vaults_dpeg_encased_lava, nicolae_vaults_diamond_2,
          nicolae_vaults_house_3, layout_vaults_quadrants, serial_shops,
          nicolae_shop_stone
Vaults:4: nicolae_vaults_diagonal_hallway_6, vaults_mumra_bighexcomb,
          nicolae_vaults_little_squares_6, v_misc_24,
          nicolae_vaults_ellipses_ellipsis, nicolae_vaults_house_1,
          vaults_room_hallway, v_misc_22, vaults_room_door_hall,
          nicolae_vaults_network_square, vaults_mumra_hex,
          nicolae_vaults_network_star, nicolae_vaults_more_shelving_2,
          layout_vaults_omnibox, serial_shops, nicolae_shop_hallway_stairs,
          nicolae_shop_temple_entry_statues_fountains, nicolae_shop_behind_doors
Depths:1: layout_cave_pools, chequers_serial_rivers_large_b, serial_shops,
          nicolae_shop_pleasant_corner_grove, nicolae_shop_rolling_square, shop,
          shop, nicolae_shop_temple_entry_statues_fountains, hell_entry,
          rand_demon_pan_entry_7, nicolae_vehumet_altar_sigil
Depths:2: grunt_deathspiral_large, layout_cave_pools, enter_ziggurat_d,
          enter_trove_1, roderic_serpentine_path, hell_entry,
          rand_demon_pan_entry_5
Depths:3: kennysheep_water_balloons, layout_gridlike, abyss_entry,
          grunt_hell_horde, rand_demon_pan_entry_1, kennysheep_generic_room_4,
          minmay_shoptagon, infiniplex_staircase_zigzag_5, uniq_jory,
          uniq_margery, uniq_xtahua, uniq_josephina
Depths:4: evilmike_zot_entry_round, layout_cave_pools, rand_demon_pan_entry_8,
          cheibriados_altar_1, grunt_hell_entry_dis_old,
          serial_sigils_hangedman_etch, serial_bayou_shore_b,
          grunt_megastairs_5, serial_bayou_shore_b
Zot:1:    layout_misc_corridors, regret_index_zotdec_twisting_globes
Zot:2:    layout_gridlike, hangedman_zot_wheel_spokes, st_grand_hoard_of_tiamat
Zot:3:    layout_concentric_octagons, grunt_megastairs_2
Zot:4:    layout_onion_interference
Zot:5:    layout_gridlike

Skill      XL: |  1  2  3  4  5  6  7  8  9 10 11 12 13 14 15 16 17 18 19 20 21 22 23 24 25 |
---------------+----------------------------------------------------------------------------+-----
Conjurations   | 1 3 7 10 | 10.0
Stealth        | 2 3 4 5 |  5.0
Summonings     | 1 3 5 6 8 10 12 15 16 19 20 22 | 22.6
Fighting       | 1 3 4 6 8 10 12 15 16 | 16.1
Spellcasting   | 3 4 6 8 11 13 14 15 16 17 | 17.0
Hexes          | 2 3 |  3.0
Evocations     | 2 3 4 8 |  8.0
Translocations | 3 |  3.0
Polearms       | 4 8 |  8.0
Dodging        | 5 6 8 10 14 17 18 | 18.3
Ice Magic      | 3 5 |  5.0
Transmutations | 4 |  4.0
Air Magic      | 4 |  4.0
Earth Magic    | 7 |  7.0
Necromancy     | 7 |  7.0
Shields        | 6 |  6.0
Armour         | 3 |  3.7
Shapeshifting  | 10 15 16 | 16.0

Action                     |  1- 3 |  4- 6 |  7- 9 | 10-12 | 13-15 | 16-18 | 19-21 | 22-24 | 25-27 || total
---------------------------+-------+-------+-------+-------+-------+-------+-------+-------+-------++-------
  Melee: Dagger            |     6 |    54 |    15 |       |     2 |       |       |       |       ||    77
         Staff             |     2 |       |    29 |     2 |       |     2 |       |     4 |       ||    39
         Trident           |       |       |    94 |   237 |    53 |       |       |       |       ||   384
         Punch             |       |       |     2 |     8 |     1 |     2 |       |       |       ||    13
         Falchion          |       |       |     2 |       |       |       |       |       |       ||     2
         Demon trident     |       |       |       |       |    94 |   183 |   440 |   201 |    35 ||   953
  Throw: Boomerang         |    24 |       |       |       |       |       |       |       |       ||    24
         Dart              |       |     3 |       |       |     1 |       |       |       |       ||     4
         Throwing net      |       |       |       |     1 |       |       |       |       |       ||     1
   Cast: Magic Dart        |    54 |    15 |    11 |       |     7 |       |       |       |       ||    87
         Call Imp          |    61 |    67 |    57 |    34 |       |       |       |       |       ||   219
         Summon Small Mamm |    69 |   110 |    27 |    14 |       |       |       |       |       ||   220
         Call Canine Famil |       |    12 |    72 |   107 |    15 |     1 |       |       |       ||   207
         Summon Guardian G |       |     2 |     7 |    14 |     2 |       |     1 |       |       ||    26
         Blink             |       |     1 |       |     2 |     6 |    15 |     5 |     3 |     3 ||    35
         Hailstorm         |       |       |       |    94 |   390 |   208 |    30 |     3 |       ||   725
         Frozen Ramparts   |       |       |       |    25 |     2 |     2 |       |       |       ||    29
         Summon Lightning  |       |       |       |     1 |   186 |   124 |    11 |       |       ||   322
         Irradiate         |       |       |       |       |    79 |    76 |    26 |    19 |       ||   200
         Lee's Rapid Decon |       |       |       |       |    26 |   290 |   187 |    35 |     3 ||   541
         Spellforged Servi |       |       |       |       |       |    75 |   134 |    36 |     2 ||   247
         Bombard           |       |       |       |       |       |    36 |   294 |    69 |    10 ||   409
         Haunt             |       |       |       |       |       |     4 |    24 |    18 |       ||    46
         Dragon's Call     |       |       |       |       |       |       |     2 |    82 |     5 ||    89
Ability: Begin Untransform |       |       |       |       |       |       |       |       |     1 ||     1
  Evoke: Wand              |       |       |     1 |     6 |    10 |    56 |    12 |    23 |     5 ||   113
         Tin of tremorston |       |       |       |       |     3 |     7 |     2 |       |       ||    12
         Lightning rod     |       |       |       |       |       |    21 |    10 |       |       ||    31
         Phial of floods   |       |       |       |       |       |     4 |     2 |     1 |       ||     7
         Phantom mirror    |       |       |       |       |       |       |     2 |     2 |       ||     4
    Use: Scroll            |     7 |     2 |     6 |    11 |    21 |    25 |    12 |    22 |     1 ||   107
         Potion            |       |       |       |     4 |     7 |     9 |    10 |    26 |       ||    56
   Stab: Sleeping          |     1 |       |       |       |     4 |       |       |       |       ||     5
         Distracted        |       |     2 |     2 |     7 |     6 |     7 |    17 |     9 |     1 ||    51
         Paralysed         |       |       |       |     5 |       |       |       |       |       ||     5
         Invisible         |       |       |       |       |       |       |       |     1 |       ||     1
 Armour: Robe              |     4 |       |       |       |       |       |       |       |       ||     4
         Leather armour    |     2 |    36 |   193 |   266 |   348 |   618 |   444 |       |    12 ||  1919
         Skin              |       |       |       |       |       |       |   141 |   392 |     7 ||   540
  Dodge: Dodged            |     3 |    46 |   102 |   196 |   249 |   413 |   410 |   354 |    23 ||  1796
  Block: Buckler           |       |       |       |       |       |    60 |   149 |   133 |    17 ||   359
   Form: Statue            |       |       |       |       |       |       |     1 |       |       ||     1

Table legend: (Time is in decaauts)
 A = Elapsed time spent in this place.
 B = Non-inter-level travel time spent in this place.
 C = Inter-level travel time spent in this place.
 D = Time resting spent in this place.
 E = Time spent auto-exploring this place.
 F = Levels seen in this place.
 G = Mean time per level.
                   A        B        C        D        E       F      G
               +--------+--------+--------+--------+--------+-----+--------+
         Total | 114066 | 103536 |  10530 |  17001 |  65083 |  55 | 2073.9 |
       Dungeon |  30108 |  25759 |   4349 |   5129 |  12468 |  15 | 2007.2 |
          Lair |  10471 |   8972 |   1499 |    744 |   6324 |   5 | 2094.2 |
        Shoals |   8094 |   7483 |    611 |   1305 |   4819 |   4 | 2023.5 |
   Spider Nest |   6688 |   6149 |    539 |   1299 |   3653 |   4 | 1672.0 |
    Slime Pits |   5968 |   5763 |    205 |   2439 |   2145 |   5 | 1193.6 |
  Orcish Mines |   5599 |   4875 |    724 |    241 |   3907 |   2 | 2799.5 |
   Elven Halls |   7549 |   7030 |    519 |   1784 |   4083 |   3 | 2516.3 |
        Vaults |  11832 |  11235 |    597 |    479 |   9206 |   4 | 2958.0 |
        Depths |  12252 |  11341 |    911 |    964 |   8733 |   4 | 3063.0 |
           Zot |  11932 |  11361 |    571 |    956 |   8760 |   5 | 2386.4 |
         Trove |     66 |     66 |      0 |      0 |     52 |   1 |   66.0 |
      Ice Cave |   2901 |   2901 |      0 |   1540 |    719 |   1 | 2901.0 |
        Wizlab |    132 |    132 |      0 |    111 |      0 |   1 |  132.0 |
      Gauntlet |    468 |    468 |      0 |      8 |    210 |   1 |  468.0 |
               +--------+--------+--------+--------+--------+-----+--------+

Top non-repeatable levels by time:
   Orc:2: 5011 daAuts
Depths:3: 4192 daAuts
   Elf:3: 4182 daAuts
   Zot:5: 3866 daAuts
Depths:2: 3863 daAuts
 Slime:5: 3475 daAuts
Vaults:2: 3326 daAuts
  Lair:5: 3219 daAuts
   Zot:2: 3082 daAuts
Shoals:2: 3051 daAuts
   IceCv: 2901 daAuts
     D:5: 2894 daAuts
Vaults:4: 2885 daAuts
Vaults:3: 2877 daAuts
     D:3: 2812 daAuts
